 Dungeon Crawl Stone Soup version 0.20.1-1-g8b1a95d (webtiles) character file.

319 Satanized the Sneak (level 6, 0/36 HPs)
             Began as an Octopode Wizard on Dec 9, 2017.
             Succumbed to a scorpion's poison
             ... on level 4 of the Dungeon.
             The game lasted 00:19:13 (3372 turns).

Satanized the Sneak (Octopode Wizard)               Turns: 3372, Time: 00:19:14

Health: 0/36       AC:  1    Str:  9 (12) XL:     6   Next: 46%
Magic:  8/12       EV: 13    Int: 24 (27) God:
Gold:   134        SH:  0    Dex:  8 (10) Spells: 0/13 levels left

rFire    . . .     SeeInvis .   u - +0 dagger
rCold    . . .     Gourm    .   (no shield)
rNeg     . . .     Faith    .   a - +0 hat
rPois    .         Spirit   .   (no amulet)
rElec    .         Reflect  .   (no ring)
rCorr    .         Harm     .   (no ring)
MR       .....                  (no ring)
Stlth    ++++......             (no ring)
Regen    0.2/turn               (no ring)
MPRegen  0.2/turn               (no ring)
                                (no ring)
                                (no ring)

@: mighty, brilliant, lethally poisoned (0 -> -4)
A: almost no armour, stealthy swim, amphibious, 8 rings, constrict 8, camouflage
1, gelatinous body 1
a: no special abilities


You were on level 4 of the Dungeon.
You were not hungry.

You visited 1 branch of the dungeon, and saw 4 of its levels.

You collected 134 gold pieces.

Inventory:

Hand Weapons
 j - a +0 short sword
 o - a +0 scythe
 u - a +0 dagger (weapon)
Missiles
 p - 6 poisoned needles
 r - a throwing net (quivered)
Armour
 a - a +0 hat (worn)
Jewellery
 t - an uncursed ring of flight {unknown}
Wands
 q - a wand of digging (9/24)
Scrolls
 e - 4 scrolls of remove curse {unknown}
 f - a scroll of magic mapping {unknown}
 i - 2 scrolls of amnesia {unknown}
 k - a scroll of fog {unknown}
 m - 3 scrolls of identify {unknown}
 s - a scroll of immolation {unknown}
 v - a scroll of enchant armour {unknown}
Potions
 h - a potion of brilliance
Books
 b - a book of Minor Magic

   Spells                             Type                      Level
   a - Magic Dart                     Conjuration                  1
   b - Blink                          Translocation                2
   c - Call Imp                       Summoning                    2
   d - Slow                           Hexes                        2
   e - Conjure Flame                  Conjuration/Fire             3
   f - Mephitic Cloud                 Conjuration/Poison/Air       3
Comestibles
 c - 4 bread rations
 d - a royal jelly
 l - 5 meat rations
 n - 3 fruits


   Skills:
 - Level 2.0 Dodging
 + Level 6.5 Stealth
 - Level 4.0 Spellcasting
 + Level 3.7 Conjurations
 - Level 1.0 Summonings
 - Level 1.0 Translocations


You couldn't memorise any spells.
You knew the following spells:

 Your Spells              Type           Power        Failure   Level  Hunger
a - Magic Dart            Conj           ####         1%          1    None
b - Call Imp              Summ           ###.....     1%          2    #......
c - Conjure Flame         Conj/Fire      ####....     1%          3    ##.....
d - Mephitic Cloud        Conj/Pois/Air  ####....     2%          3    ##.....
e - Blink                 Tloc           N/A          1%          2    #......
f - Slow                  Hex            ###.....     1%          2    #......


Dungeon Overview and Level Annotations

Branches:
Dungeon (4/15)
 Temple: D:4-7

Altars:
Gozag
Nemelex Xobeh
Okawaru
Trog
Uskayaw

Shops:
D:3 *


Innate Abilities, Weirdness & Mutations

You cannot wear most types of armour.
You are very stealthy in the water. (Stealth+)
You are amphibious.
You can wear up to eight rings at the same time.
You can use your tentacles to constrict eight enemies at once.
Your skin changes colour to match your surroundings (Stealth+).
Your rubbery body absorbs attacks. (AC +1, EV +1)


Message History

* * * LOW HITPOINT WARNING * * *
You feel sick.
There is a lethal amount of poison in your body!
Okay, then.
* * * LOW HITPOINT WARNING * * *
You feel sick.
You swap places.
* * * LOW HITPOINT WARNING * * *
You feel sick.
You swap places.
* * * LOW HITPOINT WARNING * * *
You feel sick.
There is a lethal amount of poison in your body!
You swap places.
* * * LOW HITPOINT WARNING * * *
You feel sick.
Your shadow imp disappears in a puff of smoke!
* * * LOW HITPOINT WARNING * * *
You feel sick.
You die...

#............#.÷....###.....#
#..........###......#.....(.. .##
#..........##)...#### #.....#
..##########...#..#######.#....<#
...# ##..(.####.....#...... ...#
###.†.................# ...#
######...#..##..######......
...###......#..5....## #......
...##..####.....@>.## ####...
......## ##..##.##.## ####...
...#######...#..##..### ###......
...# #...#...####...# #........
...#####.##...## ###.###...##...
.....##..##...#####....(...###...
.>...##.###.>##.....#.....#####.[
.....#..........###.....####.##.#
....................###......##.#


You could see a friendly crimson imp.

Vanquished Creatures
  Sigmund (D:2)
  A phantom (D:4)
  An adder (D:2)
  3 worms (D:3)
  A dart slug (D:1)
  2 leopard geckos
  An orc (D:4)
  3 giant cockroaches
  7 goblins
  8 hobgoblins
  A quokka (D:4)
  11 bats
  4 frilled lizards
  3 kobolds (D:1)
  8 rats
55 creatures vanquished.

Vanquished Creatures (collateral kills)
  A scorpion (D:4)
  A gnoll (D:1)
  A bat (D:2)
  4 goblins
  3 hobgoblins
  A kobold (D:1)
  A frilled lizard (D:1)
  3 rats
15 creatures vanquished.

Grand Total: 70 creatures vanquished

Notes
Turn   | Place    | Note
-------+----------+-------------------------------------------
     0 | D:1      | Satanized the Octopode Wizard began the quest for the Orb.
     0 | D:1      | Reached XP level 1. HP: 11/11 MP: 4/4
   183 | D:1      | Reached skill level 3 in Stealth
   294 | D:1      | Reached XP level 2. HP: 17/17 MP: 4/6
   298 | D:1      | Learned a level 2 spell: Call Imp
   959 | D:1      | Reached XP level 3. HP: 19/21 MP: 2/8
  1210 | D:2      | Learned a level 3 spell: Conjure Flame
  1214 | D:2      | Learned a level 3 spell: Mephitic Cloud
  1215 | D:2      | Found an iron altar of Okawaru.
  1738 | D:2      | Noticed Sigmund
  1758 | D:2      | Killed Sigmund
  1758 | D:2      | Reached skill level 5 in Stealth
  1758 | D:2      | Reached XP level 4. HP: 27/27 MP: 1/10
  1758 | D:2      | Reached XP level 5. HP: 31/31 MP: 1/11
  2396 | D:3      | Learned a level 2 spell: Blink
  2540 | D:3      | Reached skill level 6 in Stealth
  2544 | D:3      | Found a hide-covered altar of Uskayaw.
  2688 | D:3      | Found an opulent altar of Gozag.
  2695 | D:3      | Found Gozag's Platinum Reserve.
  2780 | D:3      | Found a bloodstained altar of Trog.
  2884 | D:3      | Found a sparkling altar of Nemelex Xobeh.
  3015 | D:4      | Reached XP level 6. HP: 28/36 MP: 10/12
  3078 | D:4      | Learned a level 2 spell: Slow
  3106 | D:4      | Noticed a phantom
  3150 | D:4      | Killed a phantom
  3370 | D:4      | HP: 1/36 [poisoned by a scorpion]
  3372 | D:4      | Succumbed to a scorpion's poison

Skill      XL: |  1  2  3  4  5 |
---------------+----------------+-----
Stealth        | 3 5 6 |  6.5
Spellcasting   | 4 |  4.0
Conjurations   | 2 3 |  3.7
Dodging        | |  2.0
Summonings     | |  1.0
Translocations | |  1.0

Action                   |  1- 3 |  4- 6 || total
-------------------------+-------+-------++-------
Melee: Unarmed           |     7 |       ||     7
       Constrict         |     9 |    13 ||    22
       Short sword       |    33 |       ||    33
       Tentacles         |     6 |     7 ||    13
       Scythe            |       |    49 ||    49
       Dagger            |       |    14 ||    14
Throw: Throwing net      |     1 |     1 ||     2
 Cast: Magic Dart        |    50 |    16 ||    66
       Call Imp          |     9 |     8 ||    17
       Mephitic Cloud    |     1 |     1 ||     2
       Blink             |       |     2 ||     2
  Use: Potion            |       |     3 ||     3
 Stab: Confused          |     1 |       ||     1
       Sleeping          |       |     9 ||     9
       Distracted        |       |     1 ||     1
  Eat: Chunk             |     2 |     5 ||     7
       Fruit             |       |     1 ||     1
Armor: Skin              |     9 |     6 ||    15
Dodge: Dodged            |    36 |    49 ||    85
